 Dungeon Crawl Stone Soup version 0.15.0-13-gb296d5c (console) character file.

0 gw the Shield-Bearer (level 1, -2/11 HPs)
             Began as a Vine Stalker Fighter on Sept 3, 2014.
             Slain by a gnoll
             ... wielding a +0 flail
              (7 damage)
             ... on Level 1 of the Dungeon.
             The game lasted 00:00:13 (121 turns).

gw the Shield-Bearer (Vine Stalker Fighter)          Turns: 121, Time: 00:00:13

HP  -2/11        AC  6     Str 18      XL: 1   Next: 10%
MP   0/1         EV  8     Int  8      God:
Gold 0           SH  0     Dex 13      Spells:  0 memorised,  0 levels left

rFire  . . .     SeeInvis .     a - +0 cutlass
rCold  . . .     Clarity  .     b - +0 scale mail
rNeg   . . .     rCorr    .     (no shield)
rPois  .         rRot     +     (no helmet)
rElec  .         Spirit   +     (no cloak)
SustAb .         Warding  .     (no gloves)
rMut   .         Stasis   .     (no boots)
Gourm  .                        (no amulet)
MR     .....                    (no ring)
                                (no ring)

@: not resistant to hostile enchantments, extremely unstealthy
A: fangs 2, regeneration 1, magic shield, antimagic bite, no device heal 3, rot
immunity
a: no special abilities


You were on level 1 of the Dungeon.
You were not hungry.

You visited 1 branch of the dungeon, and saw 1 of its levels.

Inventory:

Hand weapons
 a - a +0 cutlass (weapon)
Armour
 b - a +0 scale mail (worn)
Comestibles
 c - a meat ration
 d - a bread ration


   Skills:
 + Level 2.6 Fighting
 - Level 1.7 Short Blades
 + Level 0.0 Throwing
 - Level 2.4 Armour
 + Level 0.1 Dodging
   Level 2.6 Shields


You couldn't memorise any spells.
You didn't know any spells.

Dungeon Overview and Level Annotations

Branches:
Dungeon (1/15)

Altars:


Innate Abilities, Weirdness & Mutations

You have extremely sharp teeth.
Your natural rate of healing is unusually fast.
When hurt, damage is shared between your health and your magic reserves.
Your bite disrupts and absorbs the magic of your enemies.
Potions and wands cannot restore your health.
You are immune to rotting.


Message History

MOVING TO (-1,1)
You feel a little less mighty now.
MOVING TO (-5,6) MOVING TO (-4,5) MOVING TO (-3,4) MOVING TO (-2,3) MOVING TO (-1,2)
The gnoll misses you.
MOVING TO (-1,1) MOVING TO (-1,0) FLEEEEING!
ATTACKING (1,-1)
You hit the rat.
You kill the rat!
The gnoll hits you with a flail.
Ouch! That really hurt!
MOVING TO (1,-8)
The gnoll hits you with a flail!
Ouch! That really hurt!
You die...

###...........####.......# #
##..............##........##
#
#......###.....##..........#
# #.(...##
##....##..........# #
#......#
##...##...#####...###
#.......###....#...##
##..... ##................##
#..... ###.........#.....###
##.....
####.....##f......####....##
######.g..............##
####............###
#####......### # ######## #
. .


You could see a gnoll.

Table legend:
 A = Turns spent in this place as a percentage of turns spent in the entire game.
 B = Non-inter-level travel turns spent in this place as a percentage of non-inter-level travel turns spent in the entire game.
 C = Inter-level travel turns spent in this place as a percentage of turns spent in this place.
 D = Turns resting spent in this place as a percentage of non-inter-level travel turns spent in this place.
 E = Turns spent auto-exploring this place as a percentage of non-inter-level travel turns spent in this place.
 F = Non-inter-level travel turns spent in this place divided by the number of levels of this place that you've seen.
                   A       B       C       D       E      F
               +-------+-------+-------+-------+-------+----------------------
         Total | 100.0 | 100.0 |   0.0 |   0.0 |   3.5 | 115.0
       Dungeon | 100.0 | 100.0 |   0.0 |   0.0 |   3.5 | 115.0
               +-------+-------+-------+-------+-------+----------------------

Table legend:
 A = Kills in this place as a percentage of kills in entire the game.
 B = Kills by you in this place as a percentage of kills by you in the entire game.
 C = Kills by friends in this place as a percentage of kills by friends in the entire game.
 D = Other kills in this place as a percentage of other kills in the entire game.
 E = Experience gained in this place as a percentage of experience gained in the entire game.
 F = Experience gained in this place divided by the number of levels of this place that you have seen.
                   A       B       C       D       E      F
               +-------+-------+-------+-------+-------+----------------------
         Total | 100.0 | 100.0 |  -nan |  -nan | 100.0 |   1.0
       Dungeon | 100.0 | 100.0 |  -nan |  -nan | 100.0 |   1.0
               +-------+-------+-------+-------+-------+----------------------

Vanquished Creatures
  A rat (D:1)
1 creature vanquished.

Notes
Turn   | Place    | Note
--------------------------------------------------------------
     0 | D:1      | gw, the Vine Stalker Fighter, began the quest for the Orb.
     0 | D:1      | Reached XP level 1. HP: 11/11 MP: 1/1
   121 | D:1      | Slain by a gnoll

Action                   || total
-------------------------++-------
Melee: Cutlass           ||     1
  Use: Potion            ||     1

Vault maps used:
D:1:      dpeg_arrival_sounds_slurp
